 Dungeon Crawl Stone Soup version 0.27.1-33-g824d729ab1 (webtiles) character file.

Game seed: 14795856849746825206

41 Destapler the Conjurer (level 3, -1/30 HPs)
             Began as a Naga Conjurer on Dec 9, 2021.
             Was a Plaything of Xom.
             Slain by Sigmund (8 damage)
             ... on level 2 of the Dungeon.
             The game lasted 00:03:44 (1643 turns).

Destapler the Conjurer (Naga Conjurer)              Turns: 1643, Time: 00:03:45

Health: -1/30      AC:  2    Str:  9    XL:     3   Next: 52%
Magic:  0/6        EV: 10    Int: 18    God:    Xom [..*...]
Gold:   77         SH:  0    Dex: 10    Spells: 5/6 levels left

rFire    . . .     SeeInvis +   d - +0 rapier
rCold    . . .     Faith    .   (no shield)
rNeg     . . .     Spirit   .   a - +0 robe
rPois    +         Reflect  .   (no helmet)
rElec    .         Harm     .   i - scarf {repulsion}
rCorr    .         Rampage  .   (no gloves)
Will     .....                  (no barding)
Stlth    ++........             (no amulet)
HPRegen  0.10/turn              (no ring)
MPRegen  0.10/turn              (no ring)

@: repel missiles, very slow
A: AC +1, large, see invisible, deformed body, poison resistance, slowness 2,
spit poison 1, naga tail 1
a: Spit Poison, Renounce Religion


You were on level 2 of the Dungeon.
You worshipped Xom.
You were a toy of Xom.
You visited 1 branch of the dungeon, and saw 2 of its levels.

You collected 77 gold pieces.

Inventory:

Hand Weapons
 d - a +0 rapier (weapon)
Missiles
 j - a throwing net
Armour
 a - a +0 robe (worn)
 i - a scarf of repulsion (worn)
Jewellery
 k - a ring of ice
Scrolls
 b - a scroll of silence {unknown}
 c - a scroll of identify {unknown}
 e - a scroll of blinking {unknown}
 f - a scroll of brand weapon {unknown}
Potions
 g - a potion of curing
 h - a potion of haste {unknown}


   Skills:
 + Level 0.5 Fighting
 + Level 0.6 Short Blades
 + Level 2.0 Dodging
 + Level 3.8 Stealth
 + Level 2.3 Spellcasting
 - Level 4.1 Conjurations


You had 5 spell levels left.
You knew the following spells:

 Your Spells              Type           Power      Damage    Failure   Level
a - Magic Dart            Conj           68%        1d6       3%          1

Your spell library contained the following spells:

 Spells                   Type           Power      Damage    Failure   Level
 Searing Ray              Conj           34%        3d4       4%          2
 Animate Skeleton         Necr           4%         N/A       17%         1
 Apportation              Tloc           4%         N/A       17%         1
 Corona                   Hex            2%         N/A       17%         1
 Summon Small Mammal      Summ           8%         N/A       17%         1
 Dazzling Flash           Conj/Hex       18%        N/A       22%         3
 Tukima's Dance           Hex            2%         N/A       45%         3
 Fulminant Prism          Conj/Hex       4%         3d6       58%         4
 Iskenderun's Mystic Bla  Conj/Tloc      9%         2d4       58%         4
 Passage of Golubria      Tloc           N/A        N/A       86%         4
 Yara's Violent Unravell  Hex/Tmut       1%         3d3       99%         5


Dungeon Overview and Level Annotations

Branches:
Dungeon (2/15)

Altars:
Xom

Annotations:
D:2 Sigmund


Innate Abilities, Weirdness & Mutations

Your serpentine skin is tough. (AC +1)
You have supernaturally acute eyesight. (SInv)
Armour fits poorly on your strangely shaped body.
Your system is resistant to poisons. (rPois)
You cover ground very slowly.
You can spit poison.
You have a snake-like lower body.


Message History

You pick up Great Wizards, Vol.
VII and begin reading...
You add the spells Tukima's Dance, Passage of Golubria and Yara's Violent Unravelling to your library.
Xom snickers.
Your eyebrows wriggle.
Found a stone staircase leading up.
Found 4 gold pieces.
Found a ruby ring.
You now have 77 gold pieces (gained 4).
k - a ring of ice Sigmund the Dreaded comes into view.
He is wielding a +0 scythe.
Sigmund shouts!
Sigmund barely misses you.
Press: ? - help, Shift-Dir - straight line, f - Sigmund
Aim: Sigmund, wielding a +0 scythe and wearing a +0 robe The splash of poison hits Sigmund!
Sigmund is poisoned.
Sigmund is moderately wounded.
Sigmund drinks a potion.
Sigmund is healed!
Sigmund looks more healthy.
The magic dart hits Sigmund.
Sigmund is lightly wounded.
Sigmund hits you from afar with a +0 scythe!
The magic dart hits Sigmund.
Sigmund is moderately wounded.
Sigmund barely misses you.
The magic dart hits Sigmund.
Sigmund is moderately wounded.
The magic dart hits Sigmund.
Sigmund is heavily wounded.
You have got your breath back.
Sigmund barely misses you.
The magic dart hits Sigmund.
Sigmund is heavily wounded.
Sigmund points at you and mumbles some strange words.
The magic dart hits you.
The magic dart hits Sigmund.
Sigmund is severely wounded.
Sigmund hits you from afar with a +0 scythe!
* * * LOW HITPOINT WARNING * * *
Sigmund hits you with a +0 scythe!
You die...
Xom bursts into laughter!

.##.#####.#.#####.#
.##.# #.........#
###.#####.#.......##
.......##.#........#
.##.##.##.#.#.....##
.##.##.##.#.#.###.#
..#.##.##.#.#.# #.#
#.#.##.##.#.#.###.#
#...##.##.#...#@@.#
##..##.##.#####.###
##..##.##.# #.
##.>##.##.# #.
###.##.##.# #.
#.##.##.# #.
###.##.##.# #.
.......##.# #.
###.#####.#


You could see Sigmund.

Vanquished Creatures
  An adder (D:2)
  3 dart slugs (D:1)
  2 ball pythons
  2 endoplasms (D:1)
  A goblin (D:1)
  4 hobgoblins
  3 kobolds
  A quokka (D:1)
  2 bats (D:1)
  2 frilled lizards
  3 rats
24 creatures vanquished.

Vanquished Creatures (others)
  4 fungi (D:2)
4 creatures vanquished.

Grand Total: 28 creatures vanquished

Notes
Turn   | Place    | Note
-------+----------+-------------------------------------------
     0 | D:1      | Destapler the Naga Conjurer began the quest for the Orb.
     0 | D:1      | Reached XP level 1. HP: 15/15 MP: 3/3
   355 | D:1      | Reached XP level 2. HP: 22/22 MP: 3/5
  1194 | D:1      | Reached XP level 3. HP: 28/28 MP: 3/6
  1431 | D:2      | Found a faded altar of an unknown god.
  1456 | D:2      | Became a worshipper of Xom of Chaos
  1576 | D:2      | XOM: silly message
  1635 | D:2      | Noticed Sigmund
  1643 | D:2      | Slain by Sigmund

Illustrated notes

Levels and vault maps discovered:
D:1:      scummos_arrival_simple_fountains, layout_rooms
D:2:      layout_basic, shapermc_ecumenical_altar_ellora, uniq_sigmund

Skill      XL: |  1  2  3 |
---------------+----------+-----
Dodging        | 2 |  2.0
Fighting       | |  0.5
Short Blades   | |  0.6
Stealth        | |  3.8
Spellcasting   | |  2.3
Conjurations   | |  4.1

Action                   || total
-------------------------++-------
Melee: Rapier            ||    20
 Cast: Magic Dart        ||    52
 Abil: Spit Poison       ||     4
Armor: Robe              ||     4
Dodge: Dodged            ||    17
       Repelled          ||     1
